TOP OF THE 1ST |
Gwinnett County Black Cats batting - Pitching for Chicago Tula : RHP Andrew Prieto
|
Pitching: RHP Andrew Prieto
|
|
Batting: RHB Sidney Mackell
|
0-0: Swinging Strike 0-1: Ball 1-1: Ground out 5-3 (Groundball, 56)
|
Batting: RHB Chang-lit Min
|
0-0: Called Strike 0-1: SINGLE (Groundball, 6S) (infield hit)
|
Batting: LHB Ramón Vega
|
0-0: Ball 1-0: Ball 2-0: Ball 3-0: Base on Balls Chang-lit Min to second
|
Batting: RHB José García
|
0-0: Called Strike 0-1: SINGLE (Groundball, 4MD) Chang-lit Min to third Ramón Vega to second Runner from 3rd tries for Home, SAFE, no throw
|
Batting: LHB Víctor Sánchez
|
0-0: Hit by Pitch Ramón Vega to third José García to second
|
Batting: RHB Luc Bartoli
|
0-0: Called Strike 0-1: Foul Ball, location: 2F 0-2: Ball 1-2: Strikes out swinging
|
Batting: RHB Rikky van Opel
|
0-0: Called Strike 0-1: Fly out, F8 (Flyball, 8RS)
|
Top of the 1st over - 1 run, 2 hits, 0 errors, 3 left on base; Gwinnett County 1 - Chicago 0 |
BOTTOM OF THE 1ST |
Chicago Tula batting - Pitching for Gwinnett County Black Cats : LHP Efren Rasonable
|
Pitching: LHP Efren Rasonable
|
|
Batting: RHB Dani Durán
|
0-0: Foul Ball, location: 2F 0-1: Called Strike 0-2: Ball 1-2: Strikes out swinging
|
Batting: RHB Santiago Valentín
|
0-0: Ground out 5-3 (Groundball, 5L)
|
Batting: RHB Jesús Recesvinto
|
0-0: Called Strike 0-1: Swinging Strike 0-2: Ball 1-2: Strikes out swinging
|
Bottom of the 1st over - 0 runs, 0 hits, 0 errors, 0 left on base; Gwinnett County 1 - Chicago 0 |
TOP OF THE 2ND |
Gwinnett County Black Cats batting - Pitching for Chicago Tula : RHP Andrew Prieto
|
Batting: LHB Marvello Obra
|
0-0: Ball 1-0: Foul Ball, location: 2F 1-1: Ground out 4-3 (Groundball, 4)
|
Batting: RHB Bill Wilson
|
0-0: Ball 1-0: Ball 2-0: Called Strike 2-1: Foul Ball, location: 2F 2-2: Ball 3-2: Strikes out swinging
|
Batting: RHB Sidney Mackell
|
0-0: Fly out, F9 (Flyball, 9)
|
Top of the 2nd over - 0 runs, 0 hits, 0 errors, 0 left on base; Gwinnett County 1 - Chicago 0 |
BOTTOM OF THE 2ND |
Chicago Tula batting - Pitching for Gwinnett County Black Cats : LHP Efren Rasonable
|
Batting: RHB Edgar Baeza
|
0-0: Called Strike 0-1: Ball 1-1: Foul Ball, location: 2F 1-2: SINGLE (Flyball, 8RS)
|
Batting: RHB Syed Sarkar
|
0-0: Ground out 5-3 (Groundball, 5S) Edgar Baeza to second
|
Batting: RHB Carlos Rúbio
|
0-0: Ball 1-0: Swinging Strike 1-1: Swinging Strike 1-2: SINGLE (Line Drive, 7S) Edgar Baeza to third Runner from 3rd tries for Home, SAFE, throw made home
|
Batting: RHB Mike Majewski
|
0-0: Fielders Choice at 2nd, 1-6 (Groundball, 13S)
|
Batting: RHB Guo-fang Ni
|
0-0: Ball 1-0: Ball 2-0: Called Strike 2-1: SINGLE (Line Drive, 78M) Mike Majewski to second Runner from 2nd tries for 3rd, SAFE, no throw
|
Batting: SHB Augusto Trejo
|
0-0: Ball 1-0: Ground out U3 (Groundball, 3)
|
Bottom of the 2nd over - 1 run, 3 hits, 0 errors, 2 left on base; Gwinnett County 1 - Chicago 1 |
TOP OF THE 3RD |
Gwinnett County Black Cats batting - Pitching for Chicago Tula : RHP Andrew Prieto
|
Batting: RHB Chang-lit Min
|
0-0: Called Strike 0-1: Foul Ball, location: 2F 0-2: Strikes out swinging
|
Batting: LHB Ramón Vega
|
0-0: Called Strike 0-1: Ground out 6-3 (Groundball, 6)
|
Batting: RHB José García
|
0-0: Ball 1-0: Ball 2-0: Ball 3-0: Called Strike 3-1: Called Strike 3-2: Foul Ball, location: 2F 3-2: Strikes out looking
|
Top of the 3rd over - 0 runs, 0 hits, 0 errors, 0 left on base; Gwinnett County 1 - Chicago 1 |
BOTTOM OF THE 3RD |
Chicago Tula batting - Pitching for Gwinnett County Black Cats : LHP Efren Rasonable
|
Batting: RHB Dani Durán
|
0-0: Ground out U3 (Groundball, 34)
|
Batting: RHB Santiago Valentín
|
0-0: SOLO HOME RUN (Flyball, 78XD), Distance : 405 ft
|
Batting: RHB Jesús Recesvinto
|
0-0: Ball 1-0: Called Strike 1-1: Ball 2-1: Ball 3-1: Base on Balls
|
Batting: RHB Edgar Baeza
|
0-0: Called Strike 0-1: Foul Ball, location: 2F 0-2: Foul Ball, location: 2F 0-2: Fly out, F6 (Popup, 6M)
|
Batting: RHB Syed Sarkar
|
0-0: Ball 1-0: Ball 2-0: Swinging Strike 2-1: Foul Ball, location: 2F 2-2: Foul Ball, location: 2F 2-2: Strikes out swinging
|
Bottom of the 3rd over - 1 run, 1 hit, 0 errors, 1 left on base; Gwinnett County 1 - Chicago 2 |
TOP OF THE 4TH |
Gwinnett County Black Cats batting - Pitching for Chicago Tula : RHP Andrew Prieto
|
Batting: LHB Víctor Sánchez
|
0-0: Called Strike 0-1: Ball 1-1: Foul Ball, location: 2F 1-2: Strikes out swinging
|
Batting: RHB Luc Bartoli
|
0-0: Foul Ball, location: 2F 0-1: Ball 1-1: Foul Ball, location: 2F 1-2: Ball 2-2: Strikes out swinging
|
Batting: RHB Rikky van Opel
|
0-0: Called Strike 0-1: Fly out, F8 (Flyball, 78D)
|
Top of the 4th over - 0 runs, 0 hits, 0 errors, 0 left on base; Gwinnett County 1 - Chicago 2 |
BOTTOM OF THE 4TH |
Chicago Tula batting - Pitching for Gwinnett County Black Cats : LHP Efren Rasonable
|
Batting: RHB Carlos Rúbio
|
0-0: Called Strike 0-1: Fly out, F7 (Line Drive, 78D)
|
Batting: RHB Mike Majewski
|
0-0: Foul Ball, location: 2F 0-1: Ball 1-1: Fly out, F1 (Line Drive, 13)
|
Batting: RHB Guo-fang Ni
|
0-0: Called Strike 0-1: Ball 1-1: Swinging Strike 1-2: Ball 2-2: Strikes out swinging
|
Bottom of the 4th over - 0 runs, 0 hits, 0 errors, 0 left on base; Gwinnett County 1 - Chicago 2 |
TOP OF THE 5TH |
Gwinnett County Black Cats batting - Pitching for Chicago Tula : RHP Andrew Prieto
|
Batting: LHB Marvello Obra
|
0-0: Ball 1-0: Foul Ball, location: 2F 1-1: Fly out, F8 (Flyball, 8LS)
|
Batting: RHB Bill Wilson
|
0-0: Foul Ball, location: 2F 0-1: Swinging Strike 0-2: Strikes out swinging
|
Batting: RHB Sidney Mackell
|
0-0: Ball 1-0: Ball 2-0: Ball 3-0: Called Strike 3-1: SINGLE (Line Drive, 7S)
|
Batting: RHB Chang-lit Min
|
0-0: Called Strike 0-1: Ball 1-1: Ball 2-1: Foul Ball, location: 2F 2-2: Strikes out swinging
|
Top of the 5th over - 0 runs, 1 hit, 0 errors, 1 left on base; Gwinnett County 1 - Chicago 2 |
BOTTOM OF THE 5TH |
Chicago Tula batting - Pitching for Gwinnett County Black Cats : LHP Efren Rasonable
|
Batting: SHB Augusto Trejo
|
0-0: SINGLE (Groundball, 34S) (infield hit)
|
Batting: RHB Dani Durán
|
0-0: Sac Bunt - play at first, batter OUT! 1-4 Augusto Trejo to second
|
Batting: RHB Santiago Valentín
|
0-0: Called Strike 0-1: Reached on error, E1 (Groundball, 15) Augusto Trejo scores
|
Batting: RHB Jesús Recesvinto
|
0-0: Ball 1-0: Ball 2-0: Called Strike 2-1: Foul Ball, location: 2F 2-2: Ball 3-2: Foul Ball, location: 2F 3-2: SINGLE (Groundball, 56D) Santiago Valentín to third Runner from 3rd tries for Home, SAFE, no throw
|
Batting: RHB Edgar Baeza
|
0-0: Called Strike 0-1: SINGLE (Line Drive, 56) Jesús Recesvinto to second
|
Batting: RHB Syed Sarkar
|
0-0: Called Strike 0-1: Ball 1-1: Foul Ball, location: 2F 1-2: Strikes out swinging
|
Batting: RHB Carlos Rúbio
|
0-0: Ball Passed Ball! Jesús Recesvinto to third Edgar Baeza to second 1-0: Foul Ball, location: 2F 1-1: Ball 2-1: SINGLE (Line Drive, 6MD) Jesús Recesvinto scores Edgar Baeza to third Runner from 3rd tries for Home, SAFE, no throw
|
Batting: RHB Mike Majewski
|
0-0: Ball 1-0: Ball 2-0: Fly out, F6 (Line Drive, 6M)
|
Bottom of the 5th over - 4 runs, 4 hits, 1 error, 1 left on base; Gwinnett County 1 - Chicago 6 |
TOP OF THE 6TH |
Gwinnett County Black Cats batting - Pitching for Chicago Tula : RHP Andrew Prieto
|
Batting: LHB Ramón Vega
|
0-0: Ball 1-0: Swinging Strike 1-1: Foul Ball, location: 2F 1-2: Ball 2-2: Ground out 6-3 (Groundball, 6)
|
Batting: RHB José García
|
0-0: Ball 1-0: Ball 2-0: Ball 3-0: Base on Balls
|
Batting: LHB Víctor Sánchez
|
0-0: Called Strike 0-1: Fly out, F4 (Popup, 4D)
|
Batting: RHB Luc Bartoli
|
0-0: Swinging Strike 0-1: Foul Ball, location: 2F 0-2: Ball 1-2: Strikes out swinging
|
Top of the 6th over - 0 runs, 0 hits, 0 errors, 1 left on base; Gwinnett County 1 - Chicago 6 |
BOTTOM OF THE 6TH |
Chicago Tula batting - Pitching for Gwinnett County Black Cats : LHP Efren Rasonable
|
Pitching: RHP José Quintero
|
|
Batting: RHB Guo-fang Ni
|
0-0: Foul Ball, location: 2F 0-1: SOLO HOME RUN (Flyball, 7LD), Distance : 338 ft
|
Batting: SHB Augusto Trejo
|
0-0: Called Strike 0-1: Swinging Strike 0-2: Strikes out swinging
|
Batting: RHB Dani Durán
|
0-0: Ground out 5-3 (Groundball, 56S)
|
Batting: RHB Santiago Valentín
|
0-0: Swinging Strike 0-1: Ball 1-1: Called Strike 1-2: Strikes out swinging
|
Bottom of the 6th over - 1 run, 1 hit, 0 errors, 0 left on base; Gwinnett County 1 - Chicago 7 |
TOP OF THE 7TH |
Gwinnett County Black Cats batting - Pitching for Chicago Tula : RHP Andrew Prieto
|
Batting: RHB Rikky van Opel
|
0-0: Foul Ball, location: 2F 0-1: Fly out, F6 (Popup, 6D)
|
Batting: LHB Marvello Obra
|
0-0: Ground out 1-3 (Groundball, P)
|
Batting: RHB Bill Wilson
|
0-0: SINGLE (Line Drive, 6MD)
|
Batting: RHB Sidney Mackell
|
0-0: Foul Ball, location: 2F 0-1: Ball 1-1: Ball 2-1: Swinging Strike 2-2: Foul Ball, location: 2F 2-2: Ball 3-2: Ground out 4-3 (Groundball, 4)
|
Top of the 7th over - 0 runs, 1 hit, 0 errors, 1 left on base; Gwinnett County 1 - Chicago 7 |
BOTTOM OF THE 7TH |
Chicago Tula batting - Pitching for Gwinnett County Black Cats : RHP José Quintero
|
Batting: RHB Jesús Recesvinto
|
0-0: Ball 1-0: Ball 2-0: SINGLE (Line Drive, 78S)
|
Batting: RHB Edgar Baeza
|
0-0: Foul Ball, location: 2F 0-1: Swinging Strike 0-2: Ball 1-2: Foul Ball, location: 2F 1-2: Foul Ball, location: 2F 1-2: Foul Ball, location: 2F 1-2: Foul Ball, location: 2F 1-2: Ball 2-2: Ball 3-2: Foul Ball, location: 2F 3-2: Foul Ball, location: 2F 3-2: Strikes out swinging
|
Batting: RHB Syed Sarkar
|
0-0: Called Strike 0-1: Ball 1-1: Ball 2-1: Ball 3-1: Swinging Strike 3-2: Foul Ball, location: 2F 3-2: Strikes out swinging
|
Batting: RHB Carlos Rúbio
|
0-0: Called Strike 0-1: Ball 1-1: Ball 2-1: Fly out, F8 (Flyball, 8LD)
|
Bottom of the 7th over - 0 runs, 1 hit, 0 errors, 1 left on base; Gwinnett County 1 - Chicago 7 |
TOP OF THE 8TH |
Gwinnett County Black Cats batting - Pitching for Chicago Tula : RHP Andrew Prieto
|
Now at 1B: Raphaël Duval
|
|
Now in LF: Phil Oostermeer
|
|
Batting: RHB Chang-lit Min
|
0-0: Foul Ball, location: 2F 0-1: Foul Ball, location: 2F 0-2: Fly out, F8 (Line Drive, 8RD)
|
Batting: LHB Ramón Vega
|
0-0: Ball 1-0: Called Strike 1-1: Ball 2-1: Fly out, F8 (Flyball, 8LM)
|
Batting: RHB José García
|
0-0: Ball 1-0: Ground out 3-1 (Groundball, 34)
|
Top of the 8th over - 0 runs, 0 hits, 0 errors, 0 left on base; Gwinnett County 1 - Chicago 7 |
BOTTOM OF THE 8TH |
Chicago Tula batting - Pitching for Gwinnett County Black Cats : RHP José Quintero
|
Batting: RHB Mike Majewski
|
0-0: Called Strike 0-1: Foul Ball, location: 2F 0-2: Strikes out swinging passed ball, reaches first!
|
Batting: RHB Guo-fang Ni
|
0-0: Called Strike 0-1: Ball 1-1: Fly out, F9 (Flyball, 9)
|
Batting: SHB Augusto Trejo
|
0-0: Called Strike 0-1: Ball 1-1: SINGLE (Line Drive, 34) Mike Majewski to second
|
Batting: RHB Dani Durán
|
0-0: SINGLE (Groundball, 34D) Mike Majewski to third Augusto Trejo to second Runner from 3rd tries for Home, SAFE, no throw
|
Batting: RHB Santiago Valentín
|
0-0: Fielders Choice at 2nd, 6-4 (Groundball, 6D) Augusto Trejo to third
|
Batting: RHB Phil Oostermeer
|
0-0: Called Strike 0-1: Ball 1-1: Foul Ball, location: 2F 1-2: Foul Ball, location: 2F 1-2: Ball 2-2: Ball 3-2: Base on Balls Santiago Valentín to second
|
Batting: RHB Edgar Baeza
|
0-0: Swinging Strike 0-1: Ball 1-1: Called Strike 1-2: Ball 2-2: Foul Ball, location: 2F 2-2: Foul Ball, location: 2F 2-2: Strikes out swinging
|
Bottom of the 8th over - 1 run, 2 hits, 0 errors, 3 left on base; Gwinnett County 1 - Chicago 8 |
TOP OF THE 9TH |
Gwinnett County Black Cats batting - Pitching for Chicago Tula : RHP Andrew Prieto
|
Pitching: LHP Jeff Enamorado
|
|
Batting: LHB Víctor Sánchez
|
0-0: Called Strike 0-1: Foul Ball, location: 2F 0-2: Strikes out looking
|
Batting: RHB Luc Bartoli
|
0-0: Ball 1-0: Foul Ball, location: 2F 1-1: Fly out, F8 (Line Drive, 8LD)
|
Batting: RHB Rikky van Opel
|
0-0: Called Strike 0-1: Fly out, F9 (Flyball, 9S)
|
Top of the 9th over - 0 runs, 0 hits, 0 errors, 0 left on base; Gwinnett County 1 - Chicago 8 |
|